 Dungeon Crawl Stone Soup version 0.29-a0-887-gcbe080d7e0 (webtiles) character file.

Game seed: 13885453533414991652

299 spiderkeys the Conjurer (level 6, -4/36 HPs)
             Began as an Octopode Conjurer on July 21, 2022.
             Was an Initiate of Gozag.
             Slain by a wraith (8 damage)
             ... on level 4 of the Dungeon.
             The game lasted 00:07:20 (4557 turns).

spiderkeys the Conjurer (Octopode Conjurer)         Turns: 4557, Time: 00:07:21

Health: -4/36      AC:  1    Str:  6    XL:     6   Next: 36%
Magic:  4/12       EV: 13    Int: 23    God:    Gozag
Gold:   232        SH:  0    Dex: 10    Spells: 10/13 levels left

rFire   . . .      SeeInvis .   a - +6 dagger (venom)
rCold   . . .      Faith    .   (no shield)
rNeg    . . .      Spirit   .   (helmet restricted)
rPois   +          Reflect  .   g - amulet of regeneration
rElec   .          Harm     .   P - ring of poison resistance
rCorr   .          Rampage  .   (no ring)
Will    .....                   (no ring)
Stlth   +++.......              (no ring)
HPRegen 0.92/turn               (no ring)
MPRegen 0.13/turn               (no ring)
                                (no ring)
                                (no ring)

@: slowed, very slow
A: almost no armour, amphibious, 8 rings, camouflage 1, gelatinous body 1,
(nimble swimmer 1), tentacles
a: Renounce Religion, Potion Petition, Call Merchant, Bribe Branch


You were on level 4 of the Dungeon.
You worshipped Gozag.
Gozag was aware of your devotion.
You visited 2 branches of the dungeon, and saw 6 of its levels.

You collected 295 gold pieces.
You paid 63 gold pieces to Gozag.


Innate Abilities, Weirdness & Mutations

You cannot wear most types of armour.
You are amphibious.
You can wear up to eight rings at the same time.
Your skin changes colour to match your surroundings (Stealth+).
Your rubbery body absorbs attacks. (AC +1, EV +1)
((You are camouflaged when in or above water. (Stealth+)))
You have tentacles for arms and can constrict up to eight enemies at once.


   Skills:
 - Level 2.0 Dodging
 - Level 2.6 Stealth
 + Level 4.4 Spellcasting
 + Level 6.0 Conjurations


You had 10 spell levels left.
You knew the following spells:

 Your Spells              Type           Power      Damage    Failure   Level
m - Magic Dart            Conj           100%       1d8       1%          1
s - Searing Ray           Conj           64%        2d6       1%          2

Your spell library contained the following spells:

 Spells                   Type           Power      Damage    Failure   Level
 Dazzling Flash           Conj/Hex       36%        N/A       9%          3
 Fulminant Prism          Conj/Hex       9%         3d7       28%         4
 Iskenderun's Mystic Bla  Conj/Tloc      18%        2d6       28%         4

Inventory:

Hand Weapons
 a - a +6 dagger of venom (weapon)
   (You took it off a kobold on level 3 of the Dungeon)
 b - a +3 sling
   (You found it on level 4 of the Dungeon)
 n - a +1 short sword of freezing
   (You took it off a kobold on level 1 of the Dungeon)
Missiles
 f - 42 stones
 j - 3 atropa-tipped darts
 k - 17 poisoned darts
 r - 2 throwing nets {=f!f}
Jewellery
 g - an amulet of regeneration (around mantle)
   (You found it on level 1 of the Dungeon)
 P - a ring of poison resistance (left tentacle)
   (You took it off a goblin on level 3 of the Dungeon)
Wands
 o - a wand of mindburst (19)
   (You took it off Ijyb on level 2 of the Dungeon)
Scrolls
 l - a scroll of identify {@r1}
 t - a scroll of brand weapon {unknown}
Potions
 c - a potion of magic
 d - a potion of lignification {unknown}
 e - a potion of might {unknown}
 h - 2 potions of haste {unknown}
 i - a potion of brilliance {unknown}
 m - 2 potions of cancellation {unknown}
 p - 3 potions of curing {unknown}
 q - a potion of invisibility {unknown}
 s - 5 potions of heal wounds {unknown}
 u - a potion of flight {unknown}
 v - a potion of mutation {unknown}
 w - a potion of attraction {unknown}

Dungeon Overview and Level Annotations

Branches:
Dungeon (5/15) Zot: 25515  Temple (1/1) D:4 Zot: 5925

Altars:
Gozag
Kikubaaqudgha

#.###.....#...............#.#
#.# #.###...#...>...#.###.#.#
..###..........)......# #.<.#
......##..#^#.......#.# ##..#
######................# ####
#......#.#.#.#.#.#
#.....)..........#
######..............###
................@..##
#######.#.#####W####### #
##...# #..##..)##
######....######.#.....##
...##..#.....###.....<..#
##....######............#
.###.## #####........# .# ###
###.....## .# #.......#


You could see a wraith.


Message History

You barely miss the adder. You grab the adder. You constrict the adder.
You feel sick.
You are no longer poisoned.
The adder bites you.
You are poisoned.
The adder poisons you! 😮 HP[-2] MP[+1]
You take 2 damage, and now have 23/36 hp.
You hit the adder.
The adder is poisoned.
You constrict the adder.
You feel sick. The adder barely misses you. The adder misses you.
You barely miss the adder. You squeeze the adder.
You kill the adder!
You feel sick.
Your Conjurations skill increases to level 6!
You start resting.
You feel sick. x2
You are no longer poisoned.
You start resting. 😎 HP[+13] MP[+2]
Your hp is fully restored (36).
You regained 2 mp, and now have 10/12 mp.
You start resting. 😎 MP[+2]
Your mp is fully restored (12).
You now have 232 gold pieces (gained 5).
Done exploring.
There is a staircase to the Ecumenical Temple here.
There is a stone staircase leading down here.
You climb downwards.
There is a stone staircase leading up here.
The magic dart hits the wraith but does no damage. 😎 MP[-1]
You lost 1 mp, and now have 11/12 mp.
The magic dart hits the wraith but does no damage. 😎 MP[-1]
You lost 1 mp, and now have 10/12 mp.
Aiming: Mindburst
Press: ? - help, Shift-Dir - straight line, f/p - wraith
Aim: a wraith (chance to affect: 29%)
The wraith easily resists.
Aiming: Mindburst
Press: ? - help, Shift-Dir - straight line, f/p - wraith
Aim: a wraith (chance to affect: 29%)
The wraith easily resists.
Aiming: Mindburst
Press: ? - help, Shift-Dir - straight line, f/p - wraith
Aim: a wraith (chance to affect: 29%)
The wraith easily resists.
The wraith attacks as you move away! The wraith barely misses you. 😎 MP[+1]
There is a stone staircase leading up here.
The wraith misses you.
You climb upwards.
There is a stone staircase leading down here.
Casting: Magic Dart (safe; 1% risk of failure)
Confirm with . or Enter, or press ? or * to list all spells.
Aiming: Searing Ray (safe; 1% risk of failure)
Press: ? - help, Shift-Dir - straight line, f - wraith
Aim: a wraith (81% to hit)
The searing ray hits the wraith! (Press . to maintain the ray.)
The wraith hits you. The wraith drains your vigour!
You feel yourself slow down. 😕 HP[-3] MP[-2]
You take 3 damage, and now have 33/36 hp.
You lost 2 mp, and now have 9/12 mp.
The searing ray hits the wraith!
The wraith hits you. The wraith drains your vigour!
You feel as though you will be slow longer.
The wraith barely misses you. 😕 HP[-2] MP[-1]
You take 2 damage, and now have 31/36 hp.
You lost 1 mp, and now have 8/12 mp.
The searing ray hits the wraith!
The wraith barely misses you. 😕 HP[+1]
The searing ray hits the wraith.
You finish channelling your searing ray.
The wraith hits you. The wraith hits you!
* * * LOW HITPOINT WARNING * * *
The wraith drains your vigour!
You feel as though you will be slow longer. 😨 HP[-17] MP[-1]
You take 17 damage, and now have 15/36 hp.
MASSIVE DAMAGE!! (PAUSE)
You lost 1 mp, and now have 7/12 mp.
Casting: Searing Ray (safe; 1% risk of failure)
Confirm with . or Enter, or press ? or * to list all spells.
Aiming: Searing Ray (safe; 1% risk of failure)
Press: ? - help, Shift-Dir - straight line, f/p - wraith
Aim: a wraith (severely damaged, 81% to hit)
The searing ray hits the wraith but does no damage. (Press . to maintain the ray.)
The wraith hits you!
* * * LOW HITPOINT WARNING * * *
😱 HP[-12] MP[-2]
You take 12 damage, and now have 3/36 hp.
MASSIVE DAMAGE!! (PAUSE)
You lost 2 mp, and now have 5/12 mp.
The searing ray hits the wraith.
The wraith hits you!
You die...
Your body crumbles into a pile of gold.

Skill      XL: |  1  2  3  4  5  6 |
---------------+-------------------+-----
Spellcasting   | 3 4 |  4.4
Conjurations   | 5 6 |  6.0
Dodging        | |  2.0
Stealth        | |  2.6

Action                   |  1- 3 |  4- 6 || total
-------------------------+-------+-------++-------
Melee: Unarmed           |    12 |       ||    12
       Constrict         |     4 |     2 ||     6
       Tentacles         |     5 |     1 ||     6
       Dagger            |     5 |     6 ||    11
       Short sword       |     3 |       ||     3
 Cast: Magic Dart        |    45 |    94 ||   139
       Searing Ray       |     3 |    11 ||    14
Evoke: Wand              |       |     3 ||     3
  Use: Scroll            |       |     8 ||     8
Armor: Skin              |     1 |       ||     1
Dodge: Dodged            |    17 |    12 ||    29

Levels and vault maps discovered:
D:1:      erik_arrival_triangle_large, layout_rooms,
          chequers_ecumenical_altar_lobes, dk_noncrumbling_3,
          hangedman_decor_opposing
D:2:      kennysheep_the_goblin_king, layout_basic, serial_rivers,
          chequers_serial_rivers_room_a, chequers_serial_rivers_marsh,
          chequers_serial_rivers_micro_e, chequers_serial_rivers_marsh,
          chequers_serial_rivers_marsh, chequers_serial_rivers_micro_d,
          grunt_ministairs_6
D:3:      layout_basic, uniq_natasha, uniq_robin
D:4:      layout_rooms, minmay_temple_entry_glass, eino_tiny_chamber,
          ebering_dispersal_statue_hall, uniq_ijyb
D:5:      layout_cave_pools, amcnicky_altar_gilded, minmay_chambers_of_fives,
          uniq_edmund
Temple:   nicolae_temple_great_sept

Notes
Turn   | Place    | Note
-------+----------+-------------------------------------------
     0 | D:1      | spiderkeys the Octopode Conjurer began the quest for the
                  | Orb.
     0 | D:1      | Reached XP level 1. HP: 11/11 MP: 3/3
     0 | D:1      | magus.rc [v1.11.3]
   100 | D:1      | Reached XP level 2. HP: 13/17 MP: 0/5
   545 | D:1      | Learned a level 2 spell: Searing Ray
   725 | D:1      | Reached XP level 3. HP: 13/21 MP: 3/6
  1098 | D:1      | Found a faded altar of an unknown god.
  1481 | D:2      | Noticed Ijyb
  1503 | D:2      | HP: 3/21 [disintegration (18)]
  1505 | D:2      | Killed Ijyb
  1506 | D:2      | Reached skill level 3 in Spellcasting
  1506 | D:2      | Reached XP level 4. HP: 4/27 MP: 0/8
  2105 | D:2      | Reached skill level 5 in Conjurations
  2915 | D:3      | Noticed Natasha
  2917 | D:3      | Killed Natasha
  2918 | D:3      | Reached XP level 5. HP: 31/31 MP: 6/10
  3096 | D:3      | Noticed Natasha
  3100 | D:3      | Killed Natasha
  3176 | D:3      | Noticed Robin
  3309 | D:3      | Killed Robin
  3519 | D:3      | Reached skill level 4 in Spellcasting
  3688 | D:3      | Noticed Natasha
  3689 | D:3      | Killed Natasha
  3720 | D:4      | Found a staircase to the Ecumenical Temple.
  3726 | D:4      | Reached XP level 6. HP: 36/36 MP: 6/12
  3740 | Temple   | Entered the Ecumenical Temple
  3803 | Temple   | Became a worshipper of Gozag Ym Sagoz the Greedy
  4468 | D:5      | Entered Level 5 of the Dungeon
  4469 | D:5      | Noticed a wraith
  4481 | D:4      | Reached skill level 6 in Conjurations
  4556 | D:4      | HP: 3/36 [wraith (13)]
  4557 | D:4      | Slain by a wraith

Vanquished Creatures
  Ijyb (D:2)
  Natasha (thrice) (D:3)
  An orc wizard (D:5)
  Robin (D:3)
  6 adders
  A worm (D:4)
  2 dart slugs
  4 orcs
  7 ball pythons
  9 endoplasms
  A giant cockroach (D:1)
  4 hobgoblins
  10 jackals (D:1)
  9 kobolds
  A quokka (D:1)
  2 bats
  A frilled lizard (D:3)
  23 goblins
  7 rats
93 creatures vanquished.

Vanquished Creatures (others)
  5 plants (D:1)
5 creatures vanquished.

Grand Total: 98 creatures vanquished

Table legend:
 A = Non-vault XP
 B = Vault XP
 C = Vault XP percentage of total XP
 D = Non-vault monster count
 E = Vault monster count
 F = Vault count percentage of total count
                 A         B        C        D         E       F
            +---------+---------+-------+---------+---------+-------
      Total |     248 |     180 |  42.1 |      67 |      26 |  28.0
            +---------+---------+-------+---------+---------+-------
        D:1 |      48 |       0 |   0.0 |      27 |       0 |   0.0
        D:2 |      25 |      53 |  67.9 |       7 |       9 |  56.2
        D:3 |     111 |      75 |  40.3 |      18 |      14 |  43.8
        D:4 |      64 |      14 |  17.9 |      15 |       1 |   6.2
        D:5 |       0 |      38 | 100.0 |       0 |       2 | 100.0
            +---------+---------+-------+---------+---------+-------

Illustrated notes

Table legend:
 A = Kills in this place as a percentage of kills in entire the game.
 B = Kills by you in this place as a percentage of kills by you in the entire game.
 C = Kills by friends in this place as a percentage of kills by friends in the entire game.
 D = Other kills in this place as a percentage of other kills in the entire game.
 E = Experience gained in this place as a percentage of experience gained in the entire game.
 F = Experience gained in this place divided by the number of levels of this place that you have seen.
                   A       B       C       D       E      F
               +-------+-------+-------+-------+-------+----------------------
         Total | 100.0 | 100.0 |   N/A |   N/A | 100.0 |  71.3
       Dungeon | 100.0 | 100.0 |   N/A |   N/A | 100.0 |  85.6
               +-------+-------+-------+-------+-------+----------------------

Table legend: (Time is in decaauts)
 A = Elapsed time spent in this place.
 B = Non-inter-level travel time spent in this place.
 C = Inter-level travel time spent in this place.
 D = Time resting spent in this place.
 E = Time spent auto-exploring this place.
 F = Levels seen in this place.
 G = Mean time per level.
                   A        B        C        D        E       F      G
               +--------+--------+--------+--------+--------+-----+--------+
         Total |   4558 |   4415 |    143 |    391 |   3498 |   6 |  759.7 |
       Dungeon |   4483 |   4340 |    143 |    391 |   3439 |   5 |  896.6 |
        Temple |     74 |     74 |      0 |      0 |     59 |   1 |   74.0 |
               +--------+--------+--------+--------+--------+-----+--------+

Top non-repeatable levels by time:
     D:1: 1518 daAuts
     D:3: 1366 daAuts
     D:2: 831 daAuts
     D:4: 744 daAuts
  Temple: 74 daAuts
     D:5: 23 daAuts
